TOP OF THE 1ST |
Tijuana Toros batting - Pitching for Oakland Oaks : RHP Eric Hanrahan
|
Pitching: RHP Eric Hanrahan
|
|
Batting: RHB Alex Diaz
|
0-0: DOUBLE (Line Drive, 8RXD, EV 105.0 MPH)
|
Batting: RHB Guo Kwok
|
0-0: Called Strike 0-1: Ball 1-1: Called Strike 1-2: Strikes out swinging
|
Batting: LHB Jose Diaz
|
0-0: Ground out 4-3 (Groundball, 4D, EV 102.5 MPH) Alex Diaz to third
|
Batting: RHB Shiki Nomoto
|
0-0: Ball 1-0: Ball 2-0: Called Strike 2-1: Swinging Strike 2-2: Ball 3-2: Fly out, F8 (Flyball, 8LM, EV 81.9 MPH)
|
Top of the 1st over - 0 runs, 1 hit, 0 errors, 1 left on base; Tijuana 0 - Oakland 0 |
BOTTOM OF THE 1ST |
Oakland Oaks batting - Pitching for Tijuana Toros : LHP Israel Cerna
|
Pitching: LHP Israel Cerna
|
|
Batting: LHB Bill Helmer
|
0-0: Ball 1-0: Called Strike 1-1: Fly out, F4 (Popup, 4MD, EV 61.9 MPH)
|
Batting: RHB Robby Britton
|
0-0: Ground out 6-3 (Groundball, 6, EV 101.2 MPH)
|
Batting: LHB Justin LeFlore
|
0-0: Ball 1-0: Ball 2-0: Ball 3-0: Called Strike 3-1: Base on Balls
|
Batting: SHB Chris King
|
0-0: Called Strike 0-1: Ground out 5-3 (Groundball, 56S, EV 61.2 MPH)
|
Bottom of the 1st over - 0 runs, 0 hits, 0 errors, 1 left on base; Tijuana 0 - Oakland 0 |
TOP OF THE 2ND |
Tijuana Toros batting - Pitching for Oakland Oaks : RHP Eric Hanrahan
|
Batting: RHB Mario Diaz
|
0-0: Ground out 4-3 (Groundball, 4M, EV 103.8 MPH)
|
Batting: RHB Jesus Herrera
|
0-0: Ball 1-0: Foul Ball, location: 2F 1-1: Ground out 6-3 (Groundball, 6, EV 82.5 MPH)
|
Batting: RHB Tan-ming Kwan
|
0-0: Ground out 1-3 (Groundball, 15S, EV 73.1 MPH)
|
Top of the 2nd over - 0 runs, 0 hits, 0 errors, 0 left on base; Tijuana 0 - Oakland 0 |
BOTTOM OF THE 2ND |
Oakland Oaks batting - Pitching for Tijuana Toros : LHP Israel Cerna
|
Batting: RHB Moises Guzman
|
0-0: Ball 1-0: Swinging Strike 1-1: Foul Ball, location: 2F 1-2: Foul Ball, location: 2F 1-2: Strikes out looking
|
Batting: RHB Mario Medina
|
0-0: Ball 1-0: Swinging Strike 1-1: Called Strike 1-2: Strikes out swinging
|
Batting: RHB Edwin Nunez
|
0-0: Foul Ball, location: 2F 0-1: Foul Ball, location: 2F 0-2: Ball 1-2: Strikes out swinging
|
Bottom of the 2nd over - 0 runs, 0 hits, 0 errors, 0 left on base; Tijuana 0 - Oakland 0 |
TOP OF THE 3RD |
Tijuana Toros batting - Pitching for Oakland Oaks : RHP Eric Hanrahan
|
Batting: RHB Guillermo Puente
|
0-0: Foul Ball, location: 2F 0-1: Foul Ball, location: 2F 0-2: Ball 1-2: DOUBLE (Line Drive, 9LD, EV 110.6 MPH)
|
Batting: RHB Clay Holgate
|
0-0: Called Strike 0-1: Swinging Strike 0-2: Strikes out swinging
|
Batting: RHB Alex Diaz
|
0-0: Swinging Strike 0-1: Ball 1-1: Ball 2-1: Called Strike 2-2: Foul Ball, location: 2F 2-2: Foul Ball, location: 2F 2-2: Foul Ball, location: 2F 2-2: Ball 3-2: Strikes out swinging
|
Batting: RHB Guo Kwok
|
0-0: Called Strike 0-1: Ball 1-1: 2-RUN HOME RUN (Line Drive, 7D, EV 100.6 MPH), Distance : 391 ft
|
Batting: LHB Jose Diaz
|
0-0: Swinging Strike 0-1: Foul Ball, location: 2F 0-2: Ball 1-2: Strikes out swinging
|
Top of the 3rd over - 2 runs, 2 hits, 0 errors, 0 left on base; Tijuana 2 - Oakland 0 |
BOTTOM OF THE 3RD |
Oakland Oaks batting - Pitching for Tijuana Toros : LHP Israel Cerna
|
Batting: RHB Alex Vidal
|
0-0: Called Strike 0-1: Swinging Strike 0-2: Strikes out swinging
|
Batting: RHB Matt Nehman
|
0-0: Called Strike 0-1: Ball 1-1: Ground out 6-3 (Groundball, 6, EV 103.1 MPH)
|
Batting: LHB Bill Helmer
|
0-0: Ball 1-0: Foul Ball, location: 2F 1-1: Ball 2-1: Called Strike 2-2: Foul Ball, location: 2F 2-2: Fly out, F8 (Flyball, 78M, EV 83.8 MPH)
|
Bottom of the 3rd over - 0 runs, 0 hits, 0 errors, 0 left on base; Tijuana 2 - Oakland 0 |
TOP OF THE 4TH |
Tijuana Toros batting - Pitching for Oakland Oaks : RHP Eric Hanrahan
|
Batting: RHB Shiki Nomoto
|
0-0: Ball 1-0: Foul Ball, location: 2F 1-1: Foul Ball, location: 2F 1-2: Foul Ball, location: 2F 1-2: Strikes out swinging
|
Batting: RHB Mario Diaz
|
0-0: Ball 1-0: Ball 2-0: Ball 3-0: Called Strike 3-1: DOUBLE (Flyball, 89XD, EV 108.1 MPH)
|
Batting: RHB Jesus Herrera
|
0-0: Ball 1-0: Ball 2-0: Foul Ball, location: 2F 2-1: Ball 3-1: Base on Balls
|
Batting: RHB Tan-ming Kwan
|
0-0: Ball 1-0: Foul Ball, location: 2F 1-1: Fielders Choice at 2nd, 6-4 (Groundball, 56, EV 98.8 MPH) Mario Diaz to third
|
Batting: RHB Guillermo Puente
|
0-0: Called Strike 0-1: Ball 1-1: Fly out, F7 (Flyball, 78S, EV 96.9 MPH)
|
Top of the 4th over - 0 runs, 1 hit, 0 errors, 2 left on base; Tijuana 2 - Oakland 0 |
BOTTOM OF THE 4TH |
Oakland Oaks batting - Pitching for Tijuana Toros : LHP Israel Cerna
|
Batting: RHB Robby Britton
|
0-0: Ball 1-0: Ground out 4-3 (Groundball, 4MS, EV 91.9 MPH)
|
Batting: LHB Justin LeFlore
|
0-0: Foul Ball, location: 2F 0-1: Swinging Strike 0-2: Fly out, F9 (Flyball, 9, EV 96.2 MPH)
|
Batting: SHB Chris King
|
0-0: Ball 1-0: SINGLE (Groundball, 15S, EV 70.6 MPH) (infield hit)
|
Batting: RHB Moises Guzman
|
0-0: Called Strike 0-1: Fly out, F9 (Flyball, 9D, EV 83.8 MPH)
|
Bottom of the 4th over - 0 runs, 1 hit, 0 errors, 1 left on base; Tijuana 2 - Oakland 0 |
TOP OF THE 5TH |
Tijuana Toros batting - Pitching for Oakland Oaks : RHP Eric Hanrahan
|
Batting: RHB Clay Holgate
|
0-0: Bunt for hit to 15S - play at first, batter safe!
|
Batting: RHB Alex Diaz
|
0-0: Ball 1-0: Called Strike 1-1: Swinging Strike 1-2: Strikes out looking
|
Batting: RHB Guo Kwok
|
0-0: Foul Ball, location: 2F 0-1: Ball 1-1: Ball 2-1: Foul Ball, location: 2F 2-2: Foul Ball, location: 2F 2-2: Ball 3-2: Strikes out looking
|
Batting: LHB Jose Diaz
|
0-0: Ball Clay Holgate is caught stealing 2nd base 2-6
|
Top of the 5th over - 0 runs, 1 hit, 0 errors, 0 left on base; Tijuana 2 - Oakland 0 |
BOTTOM OF THE 5TH |
Oakland Oaks batting - Pitching for Tijuana Toros : LHP Israel Cerna
|
Batting: RHB Mario Medina
|
0-0: Ball 1-0: Foul Ball, location: 2F 1-1: Called Strike 1-2: Strikes out looking
|
Batting: RHB Edwin Nunez
|
0-0: Called Strike 0-1: Fly out, F8 (Flyball, 8RD, EV 76.9 MPH)
|
Batting: RHB Alex Vidal
|
0-0: Called Strike 0-1: Called Strike 0-2: Ball 1-2: Ground out 6-3 (Groundball, 4MS, EV 82.5 MPH)
|
Bottom of the 5th over - 0 runs, 0 hits, 0 errors, 0 left on base; Tijuana 2 - Oakland 0 |
TOP OF THE 6TH |
Tijuana Toros batting - Pitching for Oakland Oaks : RHP Eric Hanrahan
|
Batting: LHB Jose Diaz
|
0-0: Ball 1-0: Ball 2-0: Foul Ball, location: 2F 2-1: Ball 3-1: Ground out 4-3 (Groundball, 34, EV 104.4 MPH)
|
Batting: RHB Shiki Nomoto
|
0-0: Ball 1-0: Called Strike 1-1: Foul Ball, location: 2F 1-2: Ball 2-2: Foul Ball, location: 2F 2-2: Ball 3-2: Base on Balls
|
Batting: RHB Mario Diaz
|
0-0: Reached on error, E4 (Groundball, 4S, EV 89.4 MPH) Shiki Nomoto to second
|
Batting: RHB Jesus Herrera
|
0-0: Foul Ball, location: 2F 0-1: Ball 1-1: Ball 2-1: Ball 3-1: Base on Balls Shiki Nomoto to third Mario Diaz to second
|
Batting: RHB Tan-ming Kwan
|
0-0: Called Strike 0-1: Foul Ball, location: 2F 0-2: Foul Ball, location: 2F 0-2: Ball 1-2: Strikes out swinging
|
Batting: RHB Guillermo Puente
|
0-0: Called Strike 0-1: Foul Ball, location: 2F 0-2: Ball 1-2: Fly out, F8 (Flyball, 8RM, EV 77.5 MPH)
|
Top of the 6th over - 0 runs, 0 hits, 1 error, 3 left on base; Tijuana 2 - Oakland 0 |
BOTTOM OF THE 6TH |
Oakland Oaks batting - Pitching for Tijuana Toros : LHP Israel Cerna
|
Batting: RHB Matt Nehman
|
0-0: Ball 1-0: Ball 2-0: Ball 3-0: Called Strike 3-1: Ground out 5-3 (Groundball, 5, EV 99.4 MPH)
|
Batting: LHB Bill Helmer
|
0-0: Called Strike 0-1: Ball 1-1: Swinging Strike 1-2: Strikes out swinging
|
Batting: RHB Robby Britton
|
0-0: Fly out, F4 (Line Drive, 4D, EV 69.4 MPH)
|
Bottom of the 6th over - 0 runs, 0 hits, 0 errors, 0 left on base; Tijuana 2 - Oakland 0 |
TOP OF THE 7TH |
Tijuana Toros batting - Pitching for Oakland Oaks : RHP Eric Hanrahan
|
Batting: RHB Jerry Afghani
|
0-0: Ball 1-0: Ground out 6-3 (Groundball, 6, EV 100.6 MPH)
|
Batting: RHB Alex Diaz
|
0-0: Called Strike 0-1: Ball 1-1: Fly out, F9 (Flyball, 9, EV 75.6 MPH)
|
Batting: RHB Guo Kwok
|
0-0: Ball 1-0: Reached on error, E6 (Groundball, 6, EV 93.8 MPH)
|
Pitching: RHP Matt Schmidt
|
|
Batting: LHB Jose Diaz
|
0-0: Ball 1-0: Ball 2-0: Called Strike 2-1: Called Strike 2-2: Foul Ball, location: 2F 2-2: Ball 3-2: Ground out 4-3 (Groundball, 34D, EV 108.1 MPH)
|
Top of the 7th over - 0 runs, 0 hits, 1 error, 1 left on base; Tijuana 2 - Oakland 0 |
BOTTOM OF THE 7TH |
Oakland Oaks batting - Pitching for Tijuana Toros : LHP Israel Cerna
|
Batting: LHB Justin LeFlore
|
0-0: Ball 1-0: Called Strike 1-1: Ball 2-1: Foul Ball, location: 2F 2-2: Fly out, F7 (Line Drive, 7S, EV 92.5 MPH)
|
Batting: SHB Chris King
|
0-0: Ball 1-0: Foul Ball, location: 2F 1-1: Ball 2-1: Hit by Pitch
|
Batting: RHB Moises Guzman
|
0-0: Ball 1-0: Called Strike 1-1: Ball Chris King steals 2nd base 2-1: Ball 3-1: Base on Balls
|
Batting: RHB Mario Medina
|
0-0: Called Strike 0-1: Foul Ball, location: 2F 0-2: Foul Ball, location: 2F 0-2: Ball 1-2: Grounds into double play, 6-4-3 (Groundball, 6, EV 109.4 MPH)
|
Bottom of the 7th over - 0 runs, 0 hits, 0 errors, 1 left on base; Tijuana 2 - Oakland 0 |
TOP OF THE 8TH |
Tijuana Toros batting - Pitching for Oakland Oaks : RHP Matt Schmidt
|
Batting: RHB Shiki Nomoto
|
0-0: Swinging Strike 0-1: Fly out, F7 (Flyball, 7LM, EV 95.6 MPH)
|
Batting: RHB Mario Diaz
|
0-0: Called Strike 0-1: Ball 1-1: DOUBLE (Line Drive, 8LXD, EV 113.1 MPH)
|
Batting: RHB Jesus Herrera
|
0-0: Swinging Strike 0-1: Called Strike 0-2: Ball 1-2: Foul Ball, location: 2F 1-2: Strikes out swinging
|
Batting: RHB Tan-ming Kwan
|
0-0: Ball 1-0: Called Strike 1-1: Ball 2-1: SINGLE (Groundball, 56S, EV 61.2 MPH) (infield hit) Mario Diaz to third
|
Batting: RHB Guillermo Puente
|
0-0: Called Strike 0-1: Foul Ball, location: 2F 0-2: Ball 1-2: Ball 2-2: Fly out, F8 (Line Drive, 8LM, EV 90.6 MPH)
|
Top of the 8th over - 0 runs, 2 hits, 0 errors, 2 left on base; Tijuana 2 - Oakland 0 |
BOTTOM OF THE 8TH |
Oakland Oaks batting - Pitching for Tijuana Toros : LHP Israel Cerna
|
Pinch Hitting: LHB Justin Conley
|
0-0: Ball 1-0: Swinging Strike 1-1: Ball 2-1: DOUBLE (Flyball, 89XD, EV 103.8 MPH)
|
Batting: RHB Alex Vidal
|
0-0: Ball 1-0: Ball 2-0: Called Strike 2-1: Swinging Strike 2-2: Strikes out swinging
|
Pinch Hitting: RHB Ricky Furst
|
0-0: Ball 1-0: Foul Ball, location: 2F 1-1: Swinging Strike 1-2: Strikes out looking
|
Batting: LHB Bill Helmer
|
0-0: Foul Ball, location: 2F 0-1: SINGLE (Line Drive, 3D, EV 98.8 MPH) Justin Conley to third
|
Pinch Hitting: RHB Pat Betancourt
|
0-0: Swinging Strike 0-1: Swinging Strike 0-2: Ball 1-2: Foul Ball, location: 2F 1-2: Ball 2-2: Ball 3-2: Fly out, F8 (Flyball, 8RD, EV 93.8 MPH)
|
Bottom of the 8th over - 0 runs, 2 hits, 0 errors, 2 left on base; Tijuana 2 - Oakland 0 |
TOP OF THE 9TH |
Tijuana Toros batting - Pitching for Oakland Oaks : RHP Matt Schmidt
|
Now at 1B: Justin Conley
|
|
Now at 2B: Jack Stadner
|
|
Now at 3B: Ricky Furst
|
|
Batting: RHB Jerry Afghani
|
0-0: Foul Ball, location: 2F 0-1: Ground out 1-3 (Groundball, 13, EV 64.4 MPH)
|
Batting: RHB Alex Diaz
|
0-0: Ball 1-0: Ground out 4-3 (Groundball, 4M, EV 95.6 MPH)
|
Batting: RHB Guo Kwok
|
0-0: Ball 1-0: Ball 2-0: Called Strike 2-1: Called Strike 2-2: Strikes out swinging
|
Top of the 9th over - 0 runs, 0 hits, 0 errors, 0 left on base; Tijuana 2 - Oakland 0 |
BOTTOM OF THE 9TH |
Oakland Oaks batting - Pitching for Tijuana Toros : LHP Israel Cerna
|
Pitching: RHP Joe Goodwin
|
|
Batting: LHB Justin LeFlore
|
0-0: Foul Ball, location: 2F 0-1: Ball 1-1: Fly out, F8 (Line Drive, 8RD, EV 103.1 MPH)
|
Batting: SHB Chris King
|
0-0: Swinging Strike 0-1: Swinging Strike 0-2: Foul Ball, location: 2F 0-2: Strikes out swinging
|
Batting: RHB Moises Guzman
|
0-0: Swinging Strike 0-1: Swinging Strike 0-2: Foul Ball, location: 2F 0-2: Ball 1-2: Strikes out swinging
|
Bottom of the 9th over - 0 runs, 0 hits, 0 errors, 0 left on base; Tijuana 2 - Oakland 0 |
|